 Dungeon Crawl Stone Soup version 0.28.0 (webtiles) character file.

Game seed: 1229206200033722042

67 DemonSlayer the Magician (level 3, -2/19 HPs)
             Began as a Deep Elf Hedge Wizard on Feb 13, 2022.
             Slain by a goblin (3 damage)
             ... on level 3 of the Dungeon.
             The game lasted 00:03:15 (3059 turns).

DemonSlayer the Magician (Deep Elf Hedge Wizard)    Turns: 3059, Time: 00:03:16

Health: -2/19      AC:  3    Str:  7    XL:     3   Next: 98%
Magic:  12/12      EV: 12    Int: 20    God:
Gold:   112        SH:  3    Dex: 14    Spells: 2/14 levels left

rFire   . . .      SeeInvis .   a - +0 dagger
rCold   . . .      Faith    .   e - +0 buckler
rNeg    . . .      Spirit   .   b - +0 robe
rPois   .          Reflect  .   c - +0 hat
rElec   .          Harm     .   (no cloak)
rCorr   .          Rampage  .   j - +0 pair of gloves
Will    .....                   (no boots)
Stlth   ++........              (no amulet)
HPRegen 0.06/turn               (no ring)
MPRegen 0.13/turn               (no ring)

@: lethally poisoned (-2 -> -6)
A: no striking features
a: no special abilities


You were on level 3 of the Dungeon.
You visited 1 branch of the dungeon, and saw 3 of its levels.

You collected 112 gold pieces.

Inventory:

Hand Weapons
 a - a +0 dagger (weapon)
Missiles
 k - 6 poisoned darts
Armour
 b - a +0 robe (worn)
 c - a +0 hat (worn)
 e - a +0 buckler (worn)
 j - a +0 pair of gloves (worn)
Scrolls
 d - 2 scrolls of identify
 f - a scroll of holy word
 g - 2 scrolls of teleportation {unknown}
 i - 2 scrolls of enchant weapon {unknown}
Potions
 h - a potion of magic


   Skills:
 + Level 2.8 Dodging
 + Level 2.7 Stealth
 + Level 0.1 Shields
 + Level 6.1 Spellcasting
 + Level 1.7 Conjurations
 + Level 1.1 Summonings
 + Level 1.1 Translocations


You had 2 spell levels left.
You knew the following spells:

 Your Spells              Type           Power      Damage    Failure   Level
a - Magic Dart            Conj           52%        1d5       7%          1
b - Slow                  Hex            24%        N/A       14%         1
c - Blink                 Tloc           20%        N/A       14%         2
d - Call Imp              Summ           10%        N/A       14%         2
e - Conjure Flame         Conj/Fire      9%         6-21      30%         3
f - Mephitic Cloud        Conj/Pois/Air  8%         N/A       32%         3

Your spell library contained the following spells:

 Spells                   Type           Power      Damage    Failure   Level
 Animate Skeleton         Necr           12%        N/A       14%         1
 Pain                     Necr           24%        1d5       14%         1
 Vampiric Draining        Necr           6%         2d6       38%         3


Dungeon Overview and Level Annotations

Branches:
Dungeon (3/15)

Altars:

Shops:
D:1 ?*


Message History

The adder is lightly wounded.
The magic dart hits the adder but does no damage.
The adder is lightly wounded.
The adder bites you.
The magic dart hits the adder.
The adder is lightly wounded.
A goblin comes into view. It is wielding a +0 dagger.
You block the adder's attack.
The magic dart hits the adder.
The adder is heavily wounded.
The adder barely misses you. The adder bites you.
You are poisoned.
The adder poisons you!
The magic dart hits the adder.
The adder is almost dead.
You feel sick. The adder bites you.
You are lethally poisoned!
The adder poisons you!
The magic dart hits the adder.
You kill the adder!
You feel very sick.
Your magical contamination has completely faded away.
Your Spellcasting skill increases to level 6!
You are too injured to fight recklessly!
You are too injured to fight recklessly!
You are too injured to fight recklessly!
You are too injured to fight recklessly!
You are too injured to fight recklessly!
It was a potion of magic.
Magic courses through your body.
You feel sick. The goblin barely misses you.
As you read the scroll labelled BEOBUL LOLUY, it crumbles to dust.
It is a scroll of identify.
f - a scroll of holy word
* * * LOW HITPOINT WARNING * * *
You feel sick. The goblin hits you with a +0 dagger.
* * * LOW HITPOINT WARNING * * *
You closely miss the goblin.
* * * LOW HITPOINT WARNING * * *
You feel sick. The goblin hits you with a +0 dagger.
You die...

#### ... .. #####.#
##...#.#
#[.....######
#............
#....@.#
############....#g#
#............#.##.#
#.############># .#
#.# #.# .. #.# #.#
.# #.####### #.# ..
.........## ##.# .#
..######.....>..


You could see a goblin.

Vanquished Creatures
  2 adders
  2 worms (D:2)
  2 dart slugs (D:2)
  An orc (D:3)
  2 ball pythons (D:2)
  4 endoplasms
  A giant cockroach (D:1)
  3 goblins (D:1)
  3 hobgoblins (D:2)
  2 jackals (D:2)
  A frilled lizard (D:2)
  3 kobolds
  13 rats
  A spectral kobold (D:1)
40 creatures vanquished.

Notes
Turn   | Place    | Note
-------+----------+-------------------------------------------
     0 | D:1      | DemonSlayer the Deep Elf Hedge Wizard began the quest for
                  | the Orb.
     0 | D:1      | Reached XP level 1. HP: 10/10 MP: 7/7
     2 | D:1      | Learned a level 1 spell: Slow
   254 | D:1      | Found Veekuo's Magic Scroll Shoppe.
   459 | D:1      | Found Ehogg's Assorted Antiques.
   533 | D:1      | Reached skill level 5 in Spellcasting
   533 | D:1      | Reached XP level 2. HP: 15/15 MP: 6/10
   536 | D:1      | Learned a level 2 spell: Blink
   539 | D:1      | Learned a level 2 spell: Call Imp
   759 | D:1      | Found a faded altar of an unknown god.
  1799 | D:2      | Reached XP level 3. HP: 19/19 MP: 8/12
  1803 | D:2      | Learned a level 3 spell: Conjure Flame
  1807 | D:2      | Learned a level 3 spell: Mephitic Cloud
  3057 | D:3      | Reached skill level 6 in Spellcasting
  3059 | D:3      | Slain by a goblin

Illustrated notes

Levels and vault maps discovered:
D:1:      dpeg_arrival_rooms_b, layout_basic, serial_glass, glass_columns_a,
          glass_columns_a, serial_shops, nicolae_shop_advertising_works
          [nicolae_subvault_shop_adworks], shop,
          dreamdust_ecumenical_altar_drowned_temple, minmay_rat_gold_closets
D:2:      layout_loops_corners, kennysheep_generic_room_10
D:3:      layout_loops_ring, cheibrodos_worm_habitat,
          mainiacjoe_overflow_cross_hatched, gammafunk_ghost_abyssal_escape

Skill      XL: |  1  2  3 |
---------------+----------+-----
Spellcasting   | 5 6 |  6.1
Dodging        | |  2.8
Stealth        | |  2.7
Shields        | |  0.1
Conjurations   | |  1.7
Summonings     | |  1.1
Translocations | |  1.1

Action                   || total
-------------------------++-------
Melee: Dagger            ||     1
 Cast: Magic Dart        ||   109
  Use: Scroll            ||     1
       Potion            ||     1
Armor: Robe              ||     3
Dodge: Dodged            ||    13
Block: Buckler           ||     4
